 Dungeon Crawl Stone Soup version 0.25-a0-424-g80bd347ae0 (webtiles) character file.

Game seed: 2640546924210804892, levelgen mode: deterministic

430 MrRokkomies the Sneak (level 6, -3/28 HPs)
             Began as a Spriggan Enchanter on Jan 21, 2020.
             Was a Follower of Sif Muna.
             Killed from afar by an orc wizard (9 damage)
             ... with a puff of flame
             ... on level 4 of the Dungeon.
             The game lasted 00:07:22 (4870 turns).

MrRokkomies the Sneak (Spriggan Enchanter)          Turns: 4870, Time: 00:07:22

Health: -3/28      AC:  3    Str:  6    XL:     6   Next: 66%
Magic:  20/20      EV: 20    Int: 17    God:    Sif Muna [*.....]
Gold:   134        SH:  0    Dex: 16    Spells: 5/10 levels left

rFire    . . .     SeeInvis +   a - +1 dagger (flame)
rCold    . . .     Gourm    .   (shield restricted)
rNeg     . . .     Faith    .   b - +0 robe
rPois    .         Spirit   .   (helmet restricted)
rElec    .         Reflect  .   r - +0 cloak
rCorr    .         Harm     .   (gloves unavailable)
MR       +....                  (boots unavailable)
Stlth    +++.......             t - amulet of rage
HPRegen  0.09/turn              s - ring of magical power
MPRegen  0.17/turn              (no ring)

@: berserk cooldown, starving, slowed, quick
A: very small, unfitting armour, see invisible, herbivore, speed 3, slow
metabolism 2
a: Channel Magic, Renounce Religion, Evoke Berserk Rage


You were on level 4 of the Dungeon.
You worshipped Sif Muna.
Sif Muna was aware of your devotion.
You were starving.

You visited 1 branch of the dungeon, and saw 4 of its levels.

You collected 134 gold pieces.

Inventory:

Hand Weapons
 a - a +1 dagger of flaming (weapon)
Missiles
 q - 13 sling bullets
Armour
 b - a +0 robe (worn)
 r - a +0 cloak (worn)
Jewellery
 s - a ring of magical power (left hand)
 t - an amulet of rage (around neck)
Wands
 e - a wand of acid (8)
Scrolls
 c - 2 scrolls of remove curse
 g - a scroll of identify
 h - 2 scrolls of amnesia
 n - a scroll of enchant weapon
Potions
 f - 4 potions of curing
 i - 2 potions of agility
 j - a potion of magic {unknown}
 k - a potion of lignification {unknown}
 l - a potion of heal wounds {unknown}
 m - a potion of might {unknown}
 o - a potion of resistance {unknown}
 p - 3 potions of flight {unknown}
Comestibles
 d - 7 rations


   Skills:
 * Level 4.3 Short Blades
 + Level 4.9 Dodging
 + Level 6.3 Stealth
 - Level 2.6 Spellcasting
 * Level 6.0 Hexes


You had 5 spell levels left.
You knew the following spells:

 Your Spells              Type           Power        Failure   Level  Hunger
b - Ensorcelled Hibernat  Hex/Ice        ##....       8%          2    ##.....
c - Confusing Touch       Hex            ###.....     4%          3    ###....

Your spell library contained the following spells:

 Spells                   Type           Power        Failure   Level  Hunger
 Corona                   Hex            ###....      1%          1    #......
 Tukima's Dance           Hex            ###.....     4%          3    ###....
 Dazzling Flash           Conj/Hex       ##....       16%         3    ###....


Dungeon Overview and Level Annotations

Branches:
Dungeon (4/15)             Temple (0/1) D:4

Altars:
Nemelex Xobeh
Sif Muna
Wu Jian

Shops:
D:4 %

Annotations:
D:4 2 runed translucent doors, Ijyb


Innate Abilities, Weirdness & Mutations

You are very small and have problems with some larger weapons.
You are too small for most types of armour.
You have supernaturally acute eyesight. (SInv)
You are a herbivore.
You cover ground extremely quickly.
You need to consume almost no food.


Message History

You are no longer berserk.
You are exhausted.
You feel yourself slow down. The orc priest closely misses you.
You hit the orc priest but do no damage.
The orc priest is almost dead.
The orc wizard misses you.
The orc priest calls down the wrath of Beogh upon you.
Beogh smites you!
You barely miss the orc priest.
The orc priest is almost dead.
The orc wizard completely misses you. The orc priest barely misses you.
The orc wizard casts a spell at you. The magic dart hits you!
* * * LOW HITPOINT WARNING * * *
You hit the orc priest but do no damage.
The orc priest is almost dead.
The orc priest barely misses you.
The orc wizard gestures at you while chanting.
The puff of flame hits you!
You die...

####.#.# #.#.# .?
#.#.# .. #.#.# .#
#.#.# .# #.#.# .#
#.#.# .#
#.#.##########o##.#
#..........@oo..#
######.##########
...# #####


You could see an orc priest, an orc wizard (invisible) and an orc.

Vanquished Creatures
  An ogre (D:4)
  An orc priest (D:3)
  A hound (D:3)
  Crazy Yiuf (D:2)
  3 orc wizards
  A worker ant (D:4)
  Robin (D:4)
  5 adders
  4 dart slugs
  2 leopard geckos
  3 orcs
  15 bats
  4 giant cockroaches
  15 goblins
  7 hobgoblins
  4 jackals (D:4)
  5 kobolds
  A quokka (D:2)
  11 frilled lizards
  10 rats
95 creatures vanquished.

Notes
Turn   | Place    | Note
-------+----------+-------------------------------------------
     0 | D:1      | MrRokkomies the Spriggan Enchanter began the quest for the
                  | Orb.
     0 | D:1      | Reached XP level 1. HP: 9/9 MP: 5/5
   318 | D:1      | Reached XP level 2. HP: 13/13 MP: 6/6
   632 | D:1      | Learned a level 2 spell: Ensorcelled Hibernation
  1196 | D:1      | Reached XP level 3. HP: 9/16 MP: 5/8
  1509 | D:2      | Found an ornate altar of the Wu Jian Council.
  1791 | D:2      | Reached skill level 5 in Stealth
  2006 | D:2      | Reached XP level 4. HP: 20/21 MP: 9/9
  2476 | D:2      | Found a runed translucent door.
  2477 | D:2      | Noticed Crazy Yiuf
  2484 | D:2      | Learned a level 3 spell: Confusing Touch
  2486 | D:2      | Killed Crazy Yiuf
  2799 | D:3      | Reached XP level 5. HP: 24/24 MP: 5/10
  2844 | D:3      | Reached skill level 5 in Hexes
  3368 | D:3      | Found a shimmering blue altar of Sif Muna.
  3376 | D:3      | Became a worshipper of Sif Muna the Loreminder
  4182 | D:4      | Found Emufahyng's Food Boutique.
  4237 | D:4      | Noticed an ogre
  4241 | D:4      | Killed an ogre
  4241 | D:4      | Reached XP level 6. HP: 28/28 MP: 11/11
  4247 | D:4      | Found a sparkling altar of Nemelex Xobeh.
  4276 | D:4      | Found a staircase to the Ecumenical Temple.
  4351 | D:4      | Noticed Robin
  4397 | D:4      | Killed Robin
  4717 | D:4      | Found a large runed translucent door.
  4717 | D:4      | Found a large runed translucent door.
  4721 | D:4      | Noticed an orc warrior
  4722 | D:4      | Noticed an ice beast
  4722 | D:4      | Noticed Ijyb
  4848 | D:4      | Reached * piety under Sif Muna
  4870 | D:4      | Killed from afar by an orc wizard

Levels and vault maps discovered:
D:1:      scummos_arrival_gate, layout_loops_ring
D:2:      layout_basic, lemuel_round_altar, uniq_crazy_yiuf_cottage
D:3:      layout_basic, old_standard_altar, grunt_decor_one_mirror
D:4:      layout_loops_ring, nemelex_xobeh_ov_fountains_minmay,
          minmay_temple_entry_butterflies, serial_shops, shop,
          minmay_hollow_rounded_squares, uniq_robin, uniq_ijyb

Skill      XL: |  1  2  3  4  5  6 |
---------------+-------------------+-----
Hexes          | 4 5 6 |  6.0
Short Blades   | 2 3 4 |  4.3
Stealth        | 5 6 |  6.3
Dodging        | 4 |  4.9
Spellcasting   | |  2.6

Action                   |  1- 3 |  4- 6 || total
-------------------------+-------+-------++-------
Melee: Dagger            |   168 |   245 ||   413
 Cast: Ensorcelled Hiber |     2 |    11 ||    13
       Confusing Touch   |       |     2 ||     2
 Abil: Evoke Berserk Rag |       |     1 ||     1
  Use: Scroll            |       |     8 ||     8
 Stab: Sleeping          |    13 |    15 ||    28
       Distracted        |     1 |       ||     1
       Confused          |       |     1 ||     1
  Eat: Ration            |       |     1 ||     1
Armor: Robe              |    17 |    16 ||    33
Dodge: Dodged            |   125 |   191 ||   316

Table legend:
 A = Non-vault XP
 B = Vault XP
 C = Vault XP percentage of total XP
 D = Non-vault monster count
 E = Vault monster count
 F = Vault count percentage of total count
                 A         B        C        D         E       F
            +---------+---------+-------+---------+---------+-------
      Total |     545 |      70 |  11.4 |      86 |       9 |   9.5
            +---------+---------+-------+---------+---------+-------
        D:1 |      48 |       0 |   0.0 |      28 |       0 |   0.0
        D:2 |      61 |      41 |  40.2 |      20 |       1 |   4.8
        D:3 |     188 |       0 |   0.0 |      27 |       0 |   0.0
        D:4 |     248 |      29 |  10.5 |      11 |       8 |  42.1
            +---------+---------+-------+---------+---------+-------
